 Dungeon Crawl Stone Soup version 0.30.1-9-gdf580d7c3d (webtiles) character file.

Game seed: 18118155695775562005

163 croobank the Covert (level 5, 0/36 HPs)
             Began as an Octopode Delver on Sept 26, 2023.
             Succumbed to a killer bee's poison
             ... on level 7 of the Dungeon.
             The game lasted 00:02:20 (95 turns).

croobank the Covert (Octopode Delver)                 Turns: 95, Time: 00:02:21

Health: 0/36       AC:  1    Str: 12    XL:     5   Next: 44%
Magic:  5/5        EV: 13    Int: 14    God:
Gold:   20         SH:  0    Dex: 13    Spells: 4/4 levels left

rFire   . . .        a - +0 short sword
rCold   . . .        (no shield)
rNeg    . . .        (helmet restricted)
rPois   .            (no amulet)
rElec   .            (no ring)
rCorr   .            (no ring)
SInv    .            (no ring)
Will    .....        (no ring)
Stlth   +++++        (no ring)
HPRegen 0.26/turn    (no ring)
MPRegen 0.09/turn    (no ring)
                     (no ring)

%: no passive effects
@: lethally poisoned (0 -> -1), hasted, very quick
A: almost no armour, amphibious, 8 rings, camouflage 1, gelatinous body 1,
(nimble swimmer 1), tentacles
a: no special abilities


You were on level 7 of the Dungeon.
You visited 1 branch of the dungeon, and saw 3 of its levels.

You collected 20 gold pieces.

Inventory:

Hand Weapons
 a - a +0 short sword (weapon)
 g - a +0 dagger
Wands
 f - a wand of digging (3)
 i - a wand of mindburst (3)
Scrolls
 b - a scroll of fog
 c - a scroll of magic mapping
 h - 3 scrolls of poison {unknown}


   Skills:
 - Level 3.1 Fighting
 - Level 2.1 Short Blades
 - Level 2.1 Dodging
 + Level 9.7 Stealth


You had 4 spell levels left.
You didn't know any spells.
Your spell library was empty.

Dungeon Overview and Level Annotations

Branches:
Dungeon (7/15)
 Temple: D:4-7

Altars:


Innate Abilities, Weirdness & Mutations

You cannot wear most types of armour.
You are amphibious.
You can wear up to eight rings at the same time.
Your skin changes colour to match your surroundings (Stealth+).
Your rubbery body absorbs attacks. (AC +1, EV +1)
((You are camouflaged when in or above water. (Stealth+)))
You have tentacles for arms and can constrict up to eight enemies at once.


Message History

You barely miss the killer bee. Your grab misses the killer bee.
The killer bee stings you!
You hit the killer bee. Your grab misses the killer bee.
Your squeeze misses the killer bee.
The killer bee is moderately wounded.
The killer bee barely misses you.
You barely miss the killer bee. Your grab misses the killer bee.
The killer bee is moderately wounded.
The killer bee barely misses you.
You miss the killer bee. Your grab misses the killer bee.
The killer bee is moderately wounded.
The killer bee stings you.
You closely miss the killer bee. Your grab misses the killer bee.
The killer bee is moderately wounded.
The killer bee stings you.
You are poisoned.
The killer bee poisons you!
You miss the killer bee. Your grab misses the killer bee.
Your squeeze misses the killer bee.
The killer bee is moderately wounded.
You feel sick. The killer bee barely misses you.
The killer bee closely misses you.
You completely miss the killer bee. Your grab misses the killer bee.
Your squeeze misses the killer bee.
The killer bee is moderately wounded.
You feel sick. The killer bee stings you!
You hit the killer bee but do no damage.
Your grab misses the killer bee.
The killer bee is moderately wounded.
You feel sick. The killer bee stings you!
* * * LOW HITPOINT WARNING * * *
As you read the scroll of fear, it crumbles to dust.
You assume a fearsome visage.
The killer bee looks frightened!
You aren't carrying any potions.
* * * LOW HITPOINT WARNING * * *
You feel sick.
* * * LOW HITPOINT WARNING * * *
You feel sick.
Cornered, the killer bee turns to fight!
You die...

..) ..## #
..####.....
#.#..... .#
#.#...###.#
##.#.........###
#y.....#........
#.>............#
#...##.#........
#... #.#@..###..
#.. #.#..####..
### #.#........
#####.#.########
#...............
#...........###
#..........<#
#...........#
#...........#


There were no monsters in sight!

Vanquished Creatures
  3 killer bees (D:7)
  A hound (D:7)
  An ufetubus (D:6)
5 creatures vanquished.

Notes
Turn   | Place    | Note
-------+----------+-------------------------------------------
     0 | D:5      | croobank the Octopode Delver began the quest for the Orb.
     0 | D:5      | Reached XP level 1. HP: 16/16 MP: 1/1
    62 | D:7      | Noticed a hound
    67 | D:7      | Killed a hound
    68 | D:7      | Reached skill level 7 in Stealth
    68 | D:7      | Reached XP level 2. HP: 21/21 MP: 2/2
    68 | D:7      | Reached XP level 3. HP: 26/26 MP: 3/3
    68 | D:7      | Noticed a killer bee
    74 | D:7      | Noticed a killer bee
    74 | D:7      | Noticed a killer bee
    74 | D:7      | Noticed a killer bee
    75 | D:7      | Killed a killer bee
    76 | D:7      | Reached skill level 8 in Stealth
    76 | D:7      | Reached XP level 4. HP: 31/31 MP: 4/4
    78 | D:7      | Reached skill level 9 in Stealth
    78 | D:7      | Reached XP level 5. HP: 36/36 MP: 5/5
    93 | D:7      | HP: 1/36 [poisoned by a killer bee]
    95 | D:7      | Succumbed to a killer bee's poison

Illustrated notes

Levels and vault maps discovered:
D:5:      layout_basic, uniq_duvessa, uniq_pikel
D:6:      layout_gridville, minmay_misc_feat_secret_circle, uniq_blork_the_orc
D:7:      layout_basic, mainiacjoe_overflow_small_starburst,
          minmay_temple_entry_offerings, ebering_ghost_reflecting_pool,
          uniq_maggie

Skill      XL: |  1  2  3  4 |
---------------+-------------+-----
Stealth        | 7 8 9 |  9.7
Fighting       | |  3.1
Short Blades   | |  2.1
Dodging        | |  2.1

Action                     |  1- 3 |  4- 6 || total
---------------------------+-------+-------++-------
  Melee: Short sword       |     7 |    11 ||    18
         Constrict         |     1 |       ||     1
    Use: Scroll            |       |     1 ||     1
         Potion            |       |     1 ||     1
   Stab: Sleeping          |     2 |     2 ||     4
  Dodge: Dodged            |    10 |     6 ||    16
